 Dungeon Crawl Stone Soup version 0.30-a0-12-gd8047c6341 (webtiles) character file.

Game seed: 10419623565902338807

28 greasedhog the Chucker (level 3, 0/24 HPs)
             Began as a Gargoyle Wanderer on Aug 24, 2022.
             Slain by a gnoll
             ... wielding a +0 whip
              (2 damage)
             ... on level 1 of the Dungeon.
             The game lasted 00:02:28 (1283 turns).

greasedhog the Chucker (Gargoyle Wanderer)          Turns: 1283, Time: 00:02:28

Health: 0/24       AC: 10    Str: 24    XL:     3   Next: 14%
Magic:  3/3        EV: 11    Int: 10    God:
Gold:   38         SH:  0    Dex: 10    Spells: 2/2 levels left

rFire   . . .      SeeInvis .    a - +3 dagger
rCold   . . .      Faith    .    (no shield)
rNeg    + . .      Spirit   .    e - +0 leather armour
rPois   ∞          Reflect  .    n - +2 helmet
rElec   +          Harm     .    (no cloak)
rCorr   .          Rampage  .    (no gloves)
Will    .....                    m - +0 pair of boots
Stlth   +.........               (no amulet)
HPRegen 0.08/turn                h - +6 ring of strength
MPRegen 0.08/turn                (no ring)

@: no status effects
A: sickness immunity, AC +3, negative energy resistance 1, electricity
resistance, torment resistance 1, petrification resistance
a: no special abilities


You were on level 1 of the Dungeon.
You visited 1 branch of the dungeon, and saw 2 of its levels.

You collected 38 gold pieces.

Inventory:

Hand Weapons
 a - a +3 dagger (weapon)
 c - a +0 spear
Missiles
 b - a curare-tipped dart (quivered)
Armour
 e - a +0 leather armour (worn)
 m - a +0 pair of boots (worn)
 n - a +2 helmet (worn)
Jewellery
 h - a +6 ring of strength (left hand)
Scrolls
 g - a scroll of amnesia {unknown}
 j - a scroll of summoning {unknown}
 k - a scroll of enchant armour {unknown}
Potions
 d - a potion of berserk rage
 f - a potion of flight {unknown}
 i - a potion of brilliance {unknown}
 l - a potion of ambrosia {unknown}


   Skills:
 * Level 4.0 Fighting
 * Level 2.0 Polearms
 - Level 4.5 Throwing
 - Level 1.1 Armour


You had 2 spell levels left.
You didn't know any spells.
Your spell library was empty.

Dungeon Overview and Level Annotations

Branches:
Dungeon (2/15)

Altars:


Innate Abilities, Weirdness & Mutations

You are immune to sickness and miasma.
Your stone body is resilient. (AC +3)
You are immune to poison.
You resist negative energy. (rN+)
You are resistant to electric shocks. (rElec)
You are resistant to unholy torment.
You are immune to petrification.


Message History

Your base attributes are Str 16, Int 10, Dex 10.
Increase (S)trength, (I)ntelligence, or (D)exterity?
You feel stronger. x2
HP restored.
Done exploring.
Done exploring.
You climb downwards.
The gnoll closely misses you. The gnoll hits you with a +0 whip.
There is a stone staircase leading up here.
The gnoll hits you with a +0 whip.
You climb upwards.
There is a stone staircase leading down here.
You hit the gnoll.
The gnoll is lightly wounded.
The gnoll hits you with a +0 whip.
You hit the gnoll.
The gnoll is moderately wounded.
The gnoll barely misses you.
You hit the gnoll but do no damage.
The gnoll is moderately wounded.
The gnoll barely misses you.
You hit the gnoll.
The gnoll is heavily wounded.
The gnoll hits you with a +0 whip.
You barely miss the gnoll.
The gnoll is heavily wounded.
The gnoll hits you with a +0 whip.
* * * LOW HITPOINT WARNING * * *
You closely miss the gnoll. Your punch misses the gnoll.
The gnoll is heavily wounded.
The gnoll hits you with a +0 whip.
* * * LOW HITPOINT WARNING * * *
You closely miss the gnoll.
The gnoll is heavily wounded.
The gnoll hits you with a +0 whip.
* * * LOW HITPOINT WARNING * * *
You hit the gnoll.
The gnoll is almost dead.
The gnoll hits you with a +0 whip.
You die...

..#.# #.# #.#
..#.######.# #.#
..#......#.# #.#
..######.#.# #.#
..#......#.# #.#
..#.#.#..#.# #.#
..#...#..#.# #.#
.....##..#.###.###
...............g@#
.....#########.#.#
............##.#.#
#.#########.#..#.#
#.# #.#.##.#
#.#########.#.##.#
#........##.#.##.#
#(.......##.#.##.#
#........##.#.##.#


You could see a gnoll.

Vanquished Creatures
  A gnoll (D:1)
  A dart slug (D:1)
  2 bats (D:1)
  2 endoplasms (D:1)
  A giant cockroach (D:1)
  4 hobgoblins (D:1)
  2 ball pythons (D:1)
  A frilled lizard (D:1)
  3 rats (D:1)
17 creatures vanquished.

Notes
Turn   | Place    | Note
-------+----------+-------------------------------------------
     0 | D:1      | greasedhog the Gargoyle Wanderer began the quest for the
                  | Orb.
     0 | D:1      | greasedhog set off with the following items: a +3 dagger, a
                  | curare-tipped dart, a +0 spear, a potion of berserk rage, a
                  | +0 leather armour.
     0 | D:1      | Reached XP level 1. HP: 14/14 MP: 1/1
   220 | D:1      | Reached XP level 2. HP: 18/19 MP: 2/2
  1238 | D:1      | Reached XP level 3. HP: 21/24 MP: 3/3
  1283 | D:1      | Slain by a gnoll

Illustrated notes

Levels and vault maps discovered:
D:1:      roderic_chinese_lattice_arrival, layout_basic
D:2:      layout_loops_ring

Skill      XL: |  1  2 |
---------------+-------+-----
Fighting       | 4 |  4.0
Polearms       | 2 |  2.0
Throwing       | |  4.5
Armour         | |  1.1

Action                   || total
-------------------------++-------
Melee: Dagger            ||    51
Armor: Leather armour    ||    13
Dodge: Dodged            ||    25

Table legend: (Time is in decaauts)
 A = Elapsed time spent in this place.
 B = Non-inter-level travel time spent in this place.
 C = Inter-level travel time spent in this place.
 D = Time resting spent in this place.
 E = Time spent auto-exploring this place.
 F = Levels seen in this place.
 G = Mean time per level.
                   A        B        C        D        E       F      G
               +--------+--------+--------+--------+--------+-----+--------+
         Total |   1284 |   1231 |     53 |      0 |   1081 |   2 |  642.0 |
       Dungeon |   1284 |   1231 |     53 |      0 |   1081 |   2 |  642.0 |
               +--------+--------+--------+--------+--------+-----+--------+

Top non-repeatable levels by time:
     D:1: 1274 daAuts
     D:2: 10 daAuts
